 Dungeon Crawl Stone Soup version 0.22-a0-388-g09e6169 (webtiles) character file.

289 DrEnzyme the Shield-Bearer (level 6, -4/53 HPs)
             Began as a Minotaur Fighter on Apr 30, 2018.
             Killed by divine providence
             ... invoked by an orc priest
              (9 damage)
             ... on level 3 of the Dungeon.
             The game lasted 00:09:31 (2138 turns).

DrEnzyme the Shield-Bearer (Minotaur Fighter)       Turns: 2138, Time: 00:09:32

Health: -4/53      AC: 12    Str: 20    XL:     6   Next: 9%
Magic:  5/5        EV:  4    Int:  5    God:
Gold:   104        SH: 10    Dex: 12    Spells: 5/5 levels left

rFire    . . .     SeeInvis .   a - +0 flail
rCold    . . .     Gourm    .   c - +0 shield
rNeg     . . .     Faith    .   m - +0 plate armour
rPois    .         Spirit   .   (helmet restricted)
rElec    .         Reflect  .   (no cloak)
rCorr    .         Harm     .   (no gloves)
MR       .....                  (no boots)
Stlth    ..........             (no amulet)
HPRegen  0.17/turn              (no ring)
MPRegen  0.09/turn              (no ring)

@: lethally poisoned (-4 -> -5), hasted, very quick
A: retaliatory headbutt, horns 2
a: no special abilities


You were on level 3 of the Dungeon.
You were not hungry.

You visited 1 branch of the dungeon, and saw 3 of its levels.

You collected 104 gold pieces.

Inventory:

Hand Weapons
 a - a +0 flail (weapon)
 j - a cursed -3 dagger
 k - a +0 hunting sling
 o - a +1 dagger of venom
 q - a +0 falchion
Missiles
 n - 18 poisoned needles (quivered)
Armour
 b - a +0 scale mail
 c - a +0 shield (worn)
 h - a +2 buckler
 m - a +0 plate armour (worn)
Scrolls
 f - a scroll of remove curse {unknown}
 i - 3 scrolls of identify
 p - a scroll of magic mapping {unknown}
Potions
 d - a potion of might
 g - 3 potions of magic
 s - a potion of curing {unknown}


   Skills:
 + Level 4.3 Fighting
 + Level 4.7 Maces & Flails
 * Level 2.5 Throwing
 + Level 4.6 Armour
 + Level 1.0 Dodging
 + Level 4.7 Shields


You had 5 spell levels left.
You didn't know any spells.

Dungeon Overview and Level Annotations

Branches:
Dungeon (3/15)

Altars:
Qazlal

Annotations:
D:2 exclusion: downstairs


Innate Abilities, Weirdness & Mutations

You reflexively headbutt those who attack you in melee.
You have a pair of horns on your head.


Message History

An orc comes into view. It is wielding a mace.
The orc shouts!
You closely miss the hobgoblin. You headbutt the hobgoblin.
The hobgoblin is severely wounded.
You feel sick. You block the hobgoblin's attack.
An orc priest comes into view.
You closely miss the hobgoblin.
The hobgoblin is severely wounded.
The hobgoblin hits you but does no damage.
An orc wizard comes into view. It is wielding a dagger.
You hit the hobgoblin.
You kill the hobgoblin!
An orc comes into view. It is wielding a mace.
You see here a club.
As you read the scroll labeled JIJAWO TOOB, it crumbles to dust.
It is a scroll of amnesia.
You feel forgetful for a moment.
The orc priest invokes the aid of Beogh against you.
Beogh smites you!
You die...

#######....##
#.################
#....# #.# ######
#....# #.. ......
#....# ### ####..
#....# # #..
###Ko..##.# #..
#....(....# #..
#K#################
#.. #.#
#....@.o.o... ###
#.# #.#######o.o.
#(# #.# . #)#####.#
#.......# #########


You could see an orc priest, an orc wizard and 2 orcs.

Vanquished Creatures
  A crimson imp (D:3)
  A bullfrog skeleton (D:2)
  2 orc priests (D:3)
  An orc wizard (D:3)
  Terence (D:2)
  An ooze (D:2)
  3 worms (D:2)
  4 dart slugs (D:1)
  2 leopard geckos
  12 orcs (D:3)
  4 bats
  2 giant cockroaches (D:1)
  8 goblins
  9 hobgoblins
  3 quokkas (D:2)
  A ball python (D:3)
  4 frilled lizards
  5 kobolds
  6 rats
70 creatures vanquished.

Vanquished Creatures (others)
  An orc wizard (D:3)
1 creature vanquished.

Grand Total: 71 creatures vanquished

Notes
Turn   | Place    | Note
-------+----------+-------------------------------------------
     0 | D:1      | DrEnzyme the Minotaur Fighter began the quest for the Orb.
     0 | D:1      | Reached XP level 1. HP: 19/19 MP: 0/0
    89 | D:1      | Reached XP level 2. HP: 25/27 MP: 1/1
   501 | D:1      | Reached XP level 3. HP: 24/33 MP: 2/2
   739 | D:2      | Found a stormy altar of Qazlal.
   866 | D:2      | Noticed Terence
   872 | D:2      | Reached XP level 4. HP: 38/40 MP: 3/3
   877 | D:2      | Killed Terence
   877 | D:2      | Reached skill level 1 in Throwing
  1669 | D:3      | Reached XP level 5. HP: 41/46 MP: 4/4
  2069 | D:3      | Reached skill level 1 in Dodging
  2069 | D:3      | Reached XP level 6. HP: 47/53 MP: 5/5
  2138 | D:3      | Killed from afar by an orc priest

Vault maps used:
D:1:      mrwooster_arrival_statue_3
D:2:      grunt_qazlal_clouds, uniq_terence
D:3:      first_ration

Skill      XL: |  1  2  3  4  5 |
---------------+----------------+-----
Shields        | 4 |  4.7
Armour         | 4 |  4.6
Fighting       | 4 |  4.3
Maces & Flails | 3 4 |  4.7
Throwing       | 2 |  2.5
Dodging        | 1 |  1.0

Action                   |  1- 3 |  4- 6 || total
-------------------------+-------+-------++-------
Melee: Flail             |    71 |   151 ||   222
       Headbutt          |    12 |    23 ||    35
  Use: Scroll            |     1 |     1 ||     2
       Potion            |       |     1 ||     1
  Eat: Ration            |       |     2 ||     2
Armor: Scale mail        |    21 |       ||    21
       Plate armour      |    12 |    88 ||   100
Dodge: Dodged            |    12 |    19 ||    31
Block: Shield            |    31 |    90 ||   121

Table legend:
 A = Spawn XP
 B = Non-spawn XP
 C = Spawn XP percentage of total XP
 D = Spawn monster count
 E = Non-spawn monster count
 F = Spawn count percentage of total count
 G = Total turns spent on level
                    A         B        C        D         E        F      G
               +---------+---------+-------+---------+---------+-------+---------
         Total |       0 |     414 |   0.0 |       0 |      71 |   0.0 |  2138
               +---------+---------+-------+---------+---------+-------+---------
           D:1 |       0 |      50 |   0.0 |       0 |      24 |   0.0 |   697
           D:2 |       0 |     125 |   0.0 |       0 |      22 |   0.0 |   815
           D:3 |       0 |     239 |   0.0 |       0 |      25 |   0.0 |   626
               +---------+---------+-------+---------+---------+-------+---------
